 Dungeon Crawl Stone Soup version 0.29.1-2-gbd0b4ee654 (webtiles) character file.

Game seed: 874665480299425512

107 LustLizard the Shooter (level 4, 0/26 HPs)
             Began as a Deep Elf Hunter on Nov 9, 2022.
             Slain by Sigmund
             ... wielding a +0 scythe
              (5 damage)
             ... on level 3 of the Dungeon.
             The game lasted 00:02:30 (1481 turns).

LustLizard the Shooter (Deep Elf Hunter)            Turns: 1481, Time: 00:02:31

Health: 0/26       AC:  3    Str: 10    XL:     4   Next: 56%
Magic:  6/6        EV: 13    Int: 14    God:
Gold:   81         SH:  0    Dex: 18    Spells: 3/3 levels left

rFire   . . .      SeeInvis .   a - +1 shortbow
rCold   . . .      Faith    .   (shield currently unavailable)
rNeg    . . .      Spirit   .   c - +0 leather armour
rPois   .          Reflect  .   (no helmet)
rElec   .          Harm     .   (no cloak)
rCorr   .          Rampage  .   (no gloves)
Will    .....                   (no boots)
Stlth   +.........              (no amulet)
HPRegen 0.08/turn               g - ring of flight
MPRegen 0.10/turn               (no ring)

@: confused, flying
A: no striking features
a: no special abilities


You were on level 3 of the Dungeon.
You visited 1 branch of the dungeon, and saw 3 of its levels.

You collected 81 gold pieces.

Inventory:

Hand Weapons
 a - a +1 shortbow (weapon)
Armour
 c - a +0 leather armour (worn)
Jewellery
 g - a ring of flight (left hand)
Scrolls
 b - a scroll of immolation
 f - a scroll of identify {unknown}
 h - a scroll of noise {unknown}
 k - 2 scrolls of fog {unknown}
 l - a scroll of teleportation {unknown}
 m - 3 scrolls of enchant weapon
Potions
 d - a potion of lignification {unknown}
 e - 4 potions of curing {unknown}
 i - a potion of heal wounds {unknown}
 j - 2 potions of flight {unknown}
 n - a potion of might {unknown}


   Skills:
 + Level 2.2 Fighting
 * Level 6.5 Ranged Weapons
 + Level 3.3 Dodging
 + Level 2.8 Stealth


You had 3 spell levels left.
You didn't know any spells.
Your spell library was empty.

Dungeon Overview and Level Annotations

Branches:
Dungeon (3/15)

Altars:

Shops:
D:2 *

Annotations:
D:3 Sigmund


Message History

You bump into the rock wall.
You bump into the rock wall.
You feel less confused.
Sigmund gestures wildly while chanting.
Sigmund flickers and vanishes!
Deactivating autopickup; reactivate with Ctrl-A.
You hear some strange, mumbled words.
You are confused.
You're too confused to move!
You bump into the rock wall.
A rat comes into view.
Something hits you.
You bump into the rock wall.
Something hits you but does no damage.
You bump into the rock wall.
You bump into the rock wall.
You feel less confused.
You hear some strange, mumbled words.
A puff of flame appears from out of thin air!
The puff of flame hits you.
Sigmund appears from thin air!
Reactivating autopickup.
Sigmund's eyes start glowing with a red light.
Sigmund casts a spell.
Sigmund flickers and vanishes!
Deactivating autopickup; reactivate with Ctrl-A.
You are confused.
You bump into the rock wall.
You bump into the rock wall.
You bump into the rock wall.
You feel less confused. Something hits you!
You hear some strange, mumbled words.
You are confused.
You bump into the rock wall.
A magic dart appears from out of thin air!
The magic dart hits you!
* * * LOW HITPOINT WARNING * * *
You bump into the rock wall.
Something hits you.
You die...

.# #.# ..#
#############
..#
#..)....@...#
..#
#)#########.#
..# #.# #.#
..# #)# #.#
..#######.#
#.#
..........#
#.#
####.######
#.# #.# #.#
#.# #.#


There were no monsters in sight!

Vanquished Creatures
  Terence (D:3)
  2 adders
  A gnoll (D:1)
  2 dart slugs
  5 orcs (D:3)
  5 bats
  4 endoplasms
  5 goblins
  4 hobgoblins (D:1)
  4 kobolds
  2 quokkas
  5 frilled lizards
  3 rats
43 creatures vanquished.

Notes
Turn   | Place    | Note
-------+----------+-------------------------------------------
     0 | D:1      | LustLizard the Deep Elf Hunter began the quest for the Orb.
     0 | D:1      | Reached XP level 1. HP: 12/12 MP: 3/3
   153 | D:1      | Found a faded altar of an unknown god.
   179 | D:1      | Reached XP level 2. HP: 17/17 MP: 4/4
   345 | D:1      | Reached XP level 3. HP: 21/21 MP: 5/5
   475 | D:2      | Found Remiz's General Store.
   671 | D:2      | Reached skill level 6 in Ranged Weapons
  1209 | D:3      | Noticed Terence
  1220 | D:3      | Killed Terence
  1221 | D:3      | Reached XP level 4. HP: 19/26 MP: 6/6
  1420 | D:3      | Noticed Sigmund
  1481 | D:3      | Slain by Sigmund

Illustrated notes

Levels and vault maps discovered:
D:1:      heliophobic_arrival_enchanted_forest, layout_rooms,
          basic_ecumenical_altar
D:2:      layout_loops_ring, serial_shops, nicolae_shop_statue_plus,
          minmay_misc_feat_enclosed
D:3:      layout_loops_ring, nicolae_wu_jian_immortal_techniques, uniq_sigmund,
          uniq_terence

Skill      XL: |  1  2  3 |
---------------+----------+-----
Stealth        | 2 |  2.8
Ranged Weapons | 6 |  6.5
Fighting       | 2 |  2.2
Dodging        | 3 |  3.3

Action                   |  1- 3 |  4- 6 || total
-------------------------+-------+-------++-------
 Fire: Shortbow          |    84 |    22 ||   106
  Use: Scroll            |     1 |       ||     1
Armor: Leather armour    |     4 |     3 ||     7
Dodge: Dodged            |    14 |       ||    14
